Map: Ascensão para Aiur LE

Players

DakkoN

  • Race: Zerg Zerg
  • League: Master
  • Spawn Location: 5:00

TheZergLord - Winner!

  • Race: Zerg Zerg
  • League: Grandmaster
  • Spawn Location: 11:00

VOD

Have the link to the VOD?

Description

Time

  • Played on: Nov. 6, 2017, 9:44 a.m.
  • Length: 7:04
Show
View Real Time Build Order
Export as new Build Order

DakkoN Zerg 

Build Orders: Pool First, Zergling Baneling 

Get SALT Encoding   

  12  0:00  Drone  
  13  0:12  Overlord  
  13  0:16  Drone  
  14  0:30  Drone  
  14  0:31  Drone  
  14  0:34  Drone  
  17  0:44  Spawning Pool  
  17  0:47  Extractor  
  15  0:50  Drone  
  15  0:55  Drone  
  17  1:10  Drone  
  18  1:16  Drone  
  19  1:27  Hatchery  
  18  1:33  Queen  
  18  1:37  Zergling x2  
  21  1:40  Zergling x2  
  22  1:47  Metabolic Boost  
  22  1:54  Overlord  
  22  2:01  Overlord  
  22  2:09  Baneling Nest  
  21  2:21  Zergling x2  
  21  2:22  Zergling x2  
  23  2:32  Zergling x2  
  24  2:40  Zergling x2  
  25  2:44  Zergling x6  
  28  2:55  Baneling x4  
  28  3:02  Zergling x2  
  28  3:03  Zergling x6  
  32  3:09  Zergling x2  
  32  3:11  Zergling x2  
  34  3:16  Zergling x6  
  34  3:19  Zergling x2  
  38  3:26  Zergling x2  
  37  3:30  Zergling x2  
  36  3:36  Zergling x2  
  36  3:40  Baneling  
  37  3:44  Baneling  
  31  3:55  Zergling x12  
  27  4:18  Zergling x2  
  27  4:19  Zergling x6  
  30  4:24  Queen  
  30  4:30  Baneling x3  
  30  4:31  Baneling  
  31  4:36  Zergling x6  
  33  4:50  Baneling x3  
  31  4:53  Zergling x6  
  30  5:25  Zergling x16  
  30  5:26  Zergling x2  
  37  5:41  Zergling x2  
  37  5:42  Zergling x2  
  39  5:44  Baneling x2  
  36  5:55  Baneling x2  
  20  6:08  Zergling x12  
  24  6:22  Drone x3  
  24  6:23  Drone x2  
  28  6:34  Baneling  
  28  6:39  Zergling x4  
  21  6:40  Zergling x4  
Show
View Real Time Build Order
Export as new Build Order

TheZergLord Zerg - Winner!

Build Orders: Hatch First, Zergling Baneling 

Get SALT Encoding   

  12  0:01  Drone  
  13  0:12  Overlord  
  13  0:17  Drone  
  14  0:32  Drone x2  
  14  0:34  Drone  
  17  0:51  Hatchery  
  17  0:54  Drone  
  17  0:59  Drone  
  18  1:09  Extractor  
  17  1:13  Spawning Pool  
  17  1:16  Drone  
  17  1:19  Drone  
  18  1:29  Drone  
  19  1:39  Overlord  
  19  2:00  Queen  
  19  2:01  Zergling x4  
  23  2:03  Queen  
  23  2:04  Zergling x2  
  26  2:09  Metabolic Boost  
  26  2:11  Drone  
  27  2:16  Drone  
  28  2:23  Drone  
  29  2:30  Baneling Nest  
  29  2:31  Drone  
  29  2:36  Drone  
  29  2:37  Drone  
  31  2:46  Zergling x2  
  32  2:53  Hatchery  
  31  3:02  Zergling x6  
  33  3:07  Overlord  
  33  3:25  Baneling x3  
  31  3:30  Zergling x14  
  35  3:35  Baneling  
  31  3:50  Zergling x6  
  31  3:51  Zergling x8  
  31  4:06  Zergling x8  
  35  4:14  Baneling  
  35  4:15  Baneling  
  35  4:16  Zergling x2  
  31  4:17  Queen x2  
  35  4:25  Zergling x4  
  35  4:26  Zergling x2  
  38  4:35  Overlord  
  38  4:36  Zergling x2  
  39  4:50  Baneling x4  
  39  4:51  Zergling x2  
  39  4:52  Zergling x6  
  41  5:02  Baneling  
  37  5:32  Zergling x20  
  37  5:33  Zergling x6  
  42  5:49  Baneling x2  
  40  5:50  Zergling x4  
  32  6:06  Zergling x6  
  32  6:10  Drone  
  34  6:24  Drone x2  
Tags
 
Add a new tag
Caveats
  • Supply blocks, unpowered buildings, or Contaminate may cause inaccurate times.
  • Supply counts are checked every 10 seconds.